 Dungeon Crawl Stone Soup version 0.19-a0-1049-g462a813 (webtiles) character file.

64 Deeps the Chopper (level 3, -8/33 HPs)
             Began as a Minotaur Fighter on Aug 1, 2016.
             Killed by divine providence
             ... invoked by an orc priest
              (15 damage)
             ... on level 3 of the Dungeon.
             The game lasted 00:02:02 (1215 turns).

Deeps the Chopper (Minotaur Fighter)                Turns: 1215, Time: 00:02:03

Health: -8/33      AC:  7    Str: 21    XL:     3   Next: 91%
Magic:  2/2        EV:  7    Int:  5    God:
Gold:   75         SH: 11    Dex:  9    Spells: 0 memorised, 2 levels left

rFire  x . .     SeeInvis .     a - +0 war axe
rCold  + . .     Gourm    .     b - +0 scale mail
rNeg   . . .     Faith    .     n - +2 shield
rPois  .         Spirit   .     (helmet restricted)
rElec  .         Dismiss  .     (no cloak)
rCorr  .         Reflect  .     (no gloves)
SustAt .         Harm     .     (no boots)
MR     .....                    (no amulet)
Stlth  ..........               (no ring)
                                p - ring of ice

@: not resistant to hostile enchantments, extremely unstealthy
A: retaliatory headbutt, horns 2
a: no special abilities


You were on level 3 of the Dungeon.
You were not hungry.

You visited 1 branch of the dungeon, and saw 3 of its levels.

You collected 75 gold pieces.

Inventory:

Hand Weapons
 a - a +0 war axe (weapon)
Armour
 b - a +0 scale mail (worn)
 c - a +0 shield
 n - a +2 shield (worn)
Jewellery
 p - a ring of ice (left hand)
 q - an uncursed ring of ice
Scrolls
 e - a scroll of remove curse {unknown}
 h - a scroll of recharging {unknown}
 o - 2 scrolls of identify {unknown}
Potions
 d - a potion of might
 g - 2 potions of brilliance {unknown}
 j - 3 potions of lignification {unknown}
 l - a potion of cure mutation {unknown}
Comestibles
 f - a bread ration
 i - a beef jerky
 k - a royal jelly
 m - 5 fruits


   Skills:
 - Level 3.7 Fighting
 + Level 4.7 Axes
 - Level 4.0 Armour
 - Level 3.7 Shields


You had 2 spell levels left.
You didn't know any spells.

Dungeon Overview and Level Annotations

Branches:
Dungeon (3/15)

Altars:
Pakellas
Zin


Innate Abilities, Weirdness & Mutations

You reflexively headbutt those who attack you in melee.
You have a pair of horns on your head.


Message History

The giant cockroach barely misses you.
The orc throws a tomahawk.
The tomahawk barely misses you.
The giant cockroach bites you but does no damage.
An orc comes into view.
The orc shouts!
The giant cockroach bites you.
You block the giant cockroach's attack. 2 orcs come into view.
You block the giant cockroach's attack.
The quokka bites you but does no damage.
The orc priest mumbles some strange prayers to Beogh against you.
Beogh smites you!
* * * LOW HITPOINT WARNING * * *
Found a stone staircase leading down.
You block the quokka's attack. The giant cockroach barely misses you.
You furiously retaliate!
You headbutt the giant cockroach. You block the quokka's attack.
You block the orc's attack.
The quokka bites you but does no damage.
The orc priest calls down the wrath of Beogh upon you.
Beogh smites you!
You die...

>........#
.......o.#
.......o.#
....?(.o.#
.........##
#######
##.###g..###.....#
#sr.o.#.<...#
###so.#oo<....#
+.@.o.oo......#
###.g####.....#
#..# #.....# #..#
#>....# ...#
#.....# ....#
####### ####


You could see 2 orc priests, an orc wizard, 7 orcs, a quokka, 2 giant
cockroaches, a hobgoblin and a goblin.

Vanquished Creatures
  2 adders (D:2)
  A worm (D:2)
  A dart slug (D:1)
  A giant gecko (D:1)
  An orc (D:3)
  7 bats
  A giant cockroach (D:1)
  5 goblins (D:1)
  5 hobgoblins
  3 jackals (D:2)
  A ball python (D:2)
  3 giant newts
  2 kobolds (D:2)
  5 rats
38 creatures vanquished.

Notes
Turn   | Place    | Note
-------+----------+-------------------------------------------
     0 | D:1      | Deeps the Minotaur Fighter began the quest for the Orb.
     0 | D:1      | Reached XP level 1. HP: 19/19 MP: 0/0
   136 | D:1      | Reached XP level 2. HP: 24/27 MP: 1/1
   679 | D:2      | Reached XP level 3. HP: 29/33 MP: 2/2
   896 | D:2      | Found an oddly glowing altar of Pakellas.
   951 | D:2      | Found a glowing silver altar of Zin.
  1215 | D:3      | Killed from afar by an orc priest

Vault maps used:
D:1:      minmay_arrival_split_and_join, serial_forest,
          infiniplex_forest_clump_long, infiniplex_forest_end_1,
          infiniplex_forest_clump_diagonal, infiniplex_forest_corner_1,
          infiniplex_forest_lined_4_way, infiniplex_forest_corner_1
D:2:      zin_treasury, lemuel_coloured_pillars_altar
D:3:      lemuel_doored_altar, kennysheep_slug_shrine, uniq_crazy_yiuf_cottage,
          uniq_jessica

Skill      XL: |  1  2  3 |
---------------+----------+-----
Armour         | 4 |  4.0
Axes           | 3 4 |  4.7
Fighting       | |  3.7
Shields        | |  3.7

Action                   || total
-------------------------++-------
Melee: War axe           ||    72
       Headbutt          ||     7
  Eat: Chunk             ||     1
Armor: Scale mail        ||    43
Dodge: Dodged            ||    28
Block: Shield            ||    63
